 Dungeon Crawl Stone Soup version 0.20.1-1-g8b1a95d (console) character file.

91 vuolankoinen the Shield-Bearer (level 4, 0/42 HPs)
             Began as a Deep Dwarf Fighter on Nov 5, 2017.
             Killed by divine providence
             ... invoked by an orc priest
              (5 damage)
             ... on level 3 of the Dungeon.
             The game lasted 00:03:56 (1184 turns).

vuolankoinen the Shield-Bearer (Deep Dwarf Fighter) Turns: 1184, Time: 00:03:57

Health: 0/42       AC:  6    Str: 21    XL:     4   Next: 34%
Magic:  4/4        EV:  7    Int:  8    God:
Gold:   178        SH:  9    Dex: 12    Spells: 3/3 levels left

rFire    x . .     SeeInvis .   a - +0 war axe
rCold    + . .     Gourm    .   c - +0 shield
rNeg     . . .     Faith    .   b - +0 scale mail
rPois    .         Spirit   .   (no helmet)
rElec    .         Reflect  .   (no cloak)
rCorr    .         Harm     .   (no gloves)
MR       .....                  (no boots)
Stlth    ..........             (no amulet)
Regen    0.0/turn               i - ring of ice
MPRegen  0.1/turn               (no ring)

@: non-regenerating
A: damage resistance, heal wounds, sense surroundings 1, no regeneration
a: Heal Wounds


You were on level 3 of the Dungeon.
You were not hungry.

You visited 1 branch of the dungeon, and saw 3 of its levels.

You collected 178 gold pieces.

Inventory:

Hand Weapons
 a - a +0 war axe (weapon)
Armour
 b - a +0 scale mail (worn)
 c - a +0 shield (worn)
Jewellery
 i - a ring of ice (left hand)
Scrolls
 e - a scroll of remove curse
 g - a scroll of fog
 h - 2 scrolls of identify
Potions
 d - a potion of might
Comestibles
 f - a bread ration
 j - 3 royal jellies


   Skills:
 * Level 3.2 Fighting
 * Level 3.8 Axes
 + Level 3.5 Armour
 + Level 0.2 Dodging
 + Level 3.9 Shields


You had 3 spell levels left.
You didn't know any spells.

Dungeon Overview and Level Annotations

Branches:
Dungeon (3/15)

Altars:
Fedhas
Vehumet

Annotations:
D:2 1 runed door, exclusion: oklob plant


Innate Abilities, Weirdness & Mutations

You are resistant to damage.
You can heal yourself by infusing magical energy.
You passively map a small area around you.
You do not regenerate.


Message History

You see here a tomahawk.
You see here a tomahawk.
You see here a tomahawk.
The orc priest shouts!
You see here a tomahawk.
You hit the orc.
The orc is lightly wounded.
The orc barely misses you.
You barely miss the orc.
The orc is lightly wounded.
The orc hits you with a falchion.
* * * LOW HITPOINT WARNING * * *
Your scale mail prevents you from hitting the orc.
The orc is lightly wounded.
You block the orc's attack.
You closely miss the orc priest. You slash the orc!
You kill the orc!
The orc priest mumbles some strange prayers to Beogh against you.
Beogh smites you!
You die...

* * * * ** , , , ,
, , , * * ** , ,
** .S. *#. , * * ,
... , ..., ##,
*).#* #.# * ,.o *
..# #.# #######.#
, #..# #.#
#.((.(o.# #..#
#.######o#####.#**
##..#####......)@#
.. *
.<.....##..#######
## * ##..##.##...#
,* * ....#.......#
* , #...#..##...#
, * #...#..##.###
, ** * #......^..#
* ....#..#### * *
* , * ###.......,
* * * ###..#### ,
,* #..# **


You could see an orc priest.

Vanquished Creatures
  Natasha (D:2)
  2 adders
  A worm (D:2)
  2 dart slugs (D:1)
  An orc (D:3)
  A giant cockroach (D:1)
  5 goblins
  4 hobgoblins
  6 jackals (D:1)
  A quokka (D:2)
  5 bats (D:1)
  A frilled lizard (D:1)
  4 kobolds
  4 rats
38 creatures vanquished.

Vanquished Creatures (others)
  An ooze (D:2)
1 creature vanquished.

Grand Total: 39 creatures vanquished

Notes
Turn   | Place    | Note
-------+----------+-------------------------------------------
     0 | D:1      | vuolankoinen the Deep Dwarf Fighter began the quest for the Orb.
     0 | D:1      | Reached XP level 1. HP: 20/20 MP: 1/1
   224 | D:1      | Reached XP level 2. HP: 26/28 MP: 2/2
   434 | D:1      | Reached XP level 3. HP: 23/34 MP: 3/3
   645 | D:2      | Found a radiant altar of Vehumet.
   861 | D:2      | Found a blossoming altar of Fedhas.
   885 | D:2      | Noticed an oklob plant
  1034 | D:2      | Found a runed door.
  1075 | D:2      | Noticed Natasha
  1083 | D:2      | Killed Natasha
  1083 | D:2      | Reached XP level 4. HP: 13/42 MP: 4/4
  1184 | D:3      | Killed from afar by an orc priest

Skill      XL: |  1  2  3 |
---------------+----------+-----
Fighting       | 3 |  3.2
Axes           | 3 |  3.8
Armour         | |  3.5
Dodging        | |  0.2
Shields        | |  3.9

Action                   |  1- 3 |  4- 6 || total
-------------------------+-------+-------++-------
Melee: War axe           |   115 |    28 ||   143
  Use: Scroll            |       |     2 ||     2
  Eat: Chunk             |       |     1 ||     1
Armor: Scale mail        |    69 |    11 ||    80
Dodge: Dodged            |    32 |     8 ||    40
Block: Shield            |    84 |    17 ||   101
